 Dungeon Crawl Stone Soup version 0.27.1-16-g815e20cd7a (webtiles) character file.

Game seed: 2109494255466609237

51 Descartes the Grasshopper (level 3, -1/16 HPs)
             Began as a Felid Warper on Nov 23, 2021.
             Slain by a worm (6 damage)
             ... on level 2 of the Dungeon.
             The game lasted 00:05:07 (2921 turns).

Descartes the Grasshopper (Felid Warper)            Turns: 2921, Time: 00:05:08

Health: -1/16      AC:  1    Str:  8    XL:     3   Next: 57%
Magic:  7/7        EV: 18    Int: 14    God:
Gold:   32         SH:  0    Dex: 15    Spells: 6/6 levels left
                                        Lives:  0   Deaths: 0

rFire    . . .     SeeInvis +     - Unarmed
rCold    . . .     Faith    .   (shield unavailable)
rNeg     . . .     Spirit   .   (armour unavailable)
rPois    .         Reflect  .   (helmet unavailable)
rElec    .         Harm     .   (cloak unavailable)
rCorr    .         Rampage  .   (gloves unavailable)
Will     .....                  (boots unavailable)
Stlth    ++........             (no amulet)
HPRegen  0.05/turn              (no ring)
MPRegen  0.10/turn              (no ring)

@: quick
A: very small, claws 1, fangs 3, see invisible, speed 1, shaggy fur 1, stealthy
paws, no weapons or thrown items, no armour, multi-lived
a: no special abilities


You were on level 2 of the Dungeon.
You visited 1 branch of the dungeon, and saw 2 of its levels.

You collected 32 gold pieces.

Inventory:

Scrolls
 a - a scroll of blinking
 b - 2 scrolls of identify {unknown}
 f - a scroll of torment {unknown}
Potions
 c - a potion of degeneration {unknown}
 d - a potion of heal wounds {unknown}
 e - a potion of haste {unknown}


   Skills:
 - Level 2.0 Fighting
 * Level 4.2 Dodging
 + Level 0.9 Stealth
 + Level 2.8 Unarmed Combat
 - Level 2.0 Spellcasting
 + Level 5.0 Translocations


You had 6 spell levels left.
You didn't know any spells.
Your spell library contained the following spells:

 Spells                   Type           Power      Damage    Failure   Level
 Blink                    Tloc           N/A        N/A       4%          2
 Gell's Gravitas          Tloc           7%         N/A       9%          3
 Lesser Beckoning         Tloc           7%         N/A       9%          3
 Teleport Other           Tloc           15%        N/A       9%          3
 Animate Skeleton         Necr           2%         N/A       24%         1
 Pain                     Necr           4%         1d4       24%         1
 Vampiric Draining        Necr           0%         2d6       56%         3
 Manifold Assault         Tloc           15%        N/A       63%         5
 Blade Hands              Tmut           0%         N/A       100%        5
 Portal Projectile        Hex/Tloc       Unusable   N/A       N/A         3
 Excruciating Wounds      Necr           Unusable   N/A       N/A         5

Dungeon Overview and Level Annotations

Branches:
Dungeon (2/15)

Altars:


Innate Abilities, Weirdness & Mutations

You have sharp claws.
You have razor-sharp teeth.
You have supernaturally acute eyesight. (SInv)
You cover ground quickly. (Speed+)
You are covered in fur. (AC +1)
Your paws help you pounce on unaware monsters.
You are incapable of wielding weapons or throwing items.
You cannot wear armour.
You gain extra lives every three experience levels.


Message History

You are too injured to fight recklessly!
The adder barely misses you. The bat misses you. The bat barely misses you.
The bat barely misses you.
You barely miss the bat. The bat closely misses you.
You barely miss the bat. The bat hits you. The bat misses you.
The bat barely misses you.
You scratch the bat.
You kill the bat!
The adder closely misses you.
You closely miss the adder.
The adder is moderately wounded.
The adder bites you.
* * * LOW HITPOINT WARNING * * *
You closely miss the adder.
The adder is moderately wounded.
The adder completely misses you.
You scratch the adder.
The adder is severely wounded.
The adder completely misses you.
You scratch the adder but do no damage.
The adder is severely wounded.
The adder bites you but does no damage. The adder closely misses you.
You closely miss the adder.
The adder is severely wounded.
The adder completely misses you.
You miss the adder.
The adder is severely wounded.
The adder completely misses you.
You scratch the adder.
You kill the adder!
You closely miss the hobgoblin. The hobgoblin barely misses you.
You claw the hobgoblin!
You kill the hobgoblin!
You barely miss the kobold. The kobold barely misses you.
You scratch the kobold.
You kill the kobold!
The worm bites you.
You die...

#..# #..# #..# ##
## #..# ###.
#.####..# . ...
#.......# ...
#.###.####)##
.....####...#####.#
............w@....#
..........#########
###.####### #


You could see a worm.

Vanquished Creatures
  2 adders (D:2)
  2 dart slugs
  2 ball pythons
  4 endoplasms
  2 goblins
  3 hobgoblins (D:2)
  A jackal (D:1)
  A quokka (D:2)
  3 bats
  2 frilled lizards
  4 kobolds
  2 rats (D:1)
28 creatures vanquished.

Vanquished Creatures (others)
  3 fungi (D:2)
  5 plants (D:2)
8 creatures vanquished.

Grand Total: 36 creatures vanquished

Notes
Turn   | Place    | Note
-------+----------+-------------------------------------------
     0 | D:1      | Descartes the Felid Warper began the quest for the Orb.
     0 | D:1      | Reached XP level 1. HP: 9/9 MP: 4/4
   786 | D:1      | Reached XP level 2. HP: 13/13 MP: 6/6
  2120 | D:2      | Reached XP level 3. HP: 4/16 MP: 7/7
  2378 | D:2      | Reached skill level 5 in Translocations
  2921 | D:2      | Slain by a worm

Illustrated notes

Levels and vault maps discovered:
D:1:      matt_arrival_spirals, layout_loops_ring, minmay_tetromino_o4
D:2:      layout_loops_ring, shapermc_ecumenical_altar_mp_urbaneastern

Skill      XL: |  1  2  3 |
---------------+----------+-----
Dodging        | 4 |  4.2
Translocations | 5 |  5.0
Fighting       | |  2.0
Stealth        | |  0.9
Unarmed Combat | |  2.8
Spellcasting   | |  2.0

Action                   || total
-------------------------++-------
Melee: Unarmed           ||   126
       Bite              ||     8
 Stab: Sleeping          ||     2
Armor: Skin              ||     6
Dodge: Dodged            ||   107
